 Dungeon Crawl Stone Soup version 0.28-a0-828-g0121872642 (webtiles) character file.

Game seed: 13929148354465243743

4848 benchwormer the Fighter (level 10, 0/110 HPs)
             Began as an Ogre Chaos Knight on Nov 11, 2021.
             Was a Plaything of Xom.
             Killed by divine providence
             ... invoked by an orc priest
              (11 damage)
             ... on level 8 of the Dungeon.
             The game lasted 00:15:30 (7989 turns).

benchwormer the Fighter (Ogre Chaos Knight)         Turns: 7989, Time: 00:15:31

Health: 0/110      AC: 14    Str: 24 (26) XL:     10   Next: 49%
Magic:  10/10      EV:  6    Int: 11 (13) God:    Xom [.*....]
Gold:   354        SH:  8    Dex:  8 (11) Spells: 9/9 levels left

rFire   . . .      SeeInvis .   h - +1 trident (chaos)
rCold   . . .      Faith    +   q - +0 kite shield
rNeg    . . .      Spirit   .   m - +1 storm dragon scales
rPois   .          Reflect  .   (helmet restricted)
rElec   +          Harm     .   e - scarf {shadows}
rCorr   .          Rampage  .   (gloves unavailable)
Will    ++...      Clarity  +   (boots unavailable)
Stlth   ..........              n - amulet of faith
HPRegen 0.28/turn               d - +6 ring of strength
MPRegen 0.12/turn               (no ring)

@: no status effects
A: large, unfitting armour, tough skin 1, antennae 1, clarity, strong-willed 1,
strong 1
a: Renounce Religion


You were on level 8 of the Dungeon.
You worshipped Xom.
You were a plaything of Xom.
You visited 1 branch of the dungeon, and saw 8 of its levels.

You collected 354 gold pieces.

Inventory:

Hand Weapons
 a - a +0 spear of chaos
 h - a +1 trident of chaos (weapon)
 o - a +0 giant spiked club
Armour
 b - a +2 robe
 e - a scarf of shadows (worn)
 m - +1 storm dragon scales (worn)
 q - a +0 kite shield (worn)
 r - a +0 buckler
Jewellery
 d - a +6 ring of strength (left hand)
 g - a ring of wizardry
 l - a ring of fire
 n - an amulet of faith (around neck)
 p - a +6 ring of intelligence
 t - a ring of fire
Wands
 f - a wand of acid (4)
 i - a wand of flame (48) (quivered)
 y - a wand of paralysis (4)
Scrolls
 v - a scroll of amnesia
 w - a scroll of magic mapping
 x - a scroll of identify
Potions
 j - 2 potions of brilliance
 k - 3 potions of flight
 z - a potion of degeneration
Miscellaneous
 c - a phial of floods


   Skills:
 * Level 10.1 Fighting
 * Level 10.0 Polearms
 * Level 5.6 Armour
 * Level 6.6 Dodging
 + Level 1.9 Stealth
 * Level 5.3 Shields
 + Level 2.9 Unarmed Combat


You had 9 spell levels left.
You didn't know any spells.
Your spell library contained the following spells:

 Spells                   Type           Power      Damage    Failure   Level
 Animate Skeleton         Necr           0%         N/A       99%         1
 Pain                     Necr           0%         1d4       99%         1
 Scorch                   Fire           0%         2d5       100%        2
 Frozen Ramparts          Ice            0%         1d2       100%        3
 Stone Arrow              Conj/Erth      0%         3d7       100%        3
 Vampiric Draining        Necr           0%         2d6       100%        3
 Animate Armour           Summ/Erth      0%         N/A       100%        4
 Flame Wave               Conj/Fire      0%         3d3       100%        4
 Ice Form                 Ice/Tmut       0%         N/A       100%        4
 Summon Ice Beast         Ice/Summ       0%         N/A       100%        4
 Summon Cactus Giant      Summ           0%         N/A       100%        6
 Lehudib's Crystal Spear  Conj/Erth      0%         10d2      100%        8


Dungeon Overview and Level Annotations

Branches:
Dungeon (8/15)             Temple (0/1) D:4
   Lair: D:8-11

Altars:
Ashenzari
Cheibriados
Fedhas
Okawaru
Uskayaw
Xom

Annotations:
D:4 3 runed translucent doors, louisi3's ghost, amateur OpWz
D:6 1 runed translucent door, Hubris850's ghost, novice MiFi


Innate Abilities, Weirdness & Mutations

You are too large for most types of armour.
You have tough skin. (AC +1)
You have a pair of small antennae on your head.
You possess an exceptional clarity of mind.
You are strong-willed. (Will+)
Your muscles are strong. (Str +2)


Message History

You miss the killer bee.
The killer bee is severely wounded.
The killer bee stings you but does no damage.
You closely miss the killer bee.
The killer bee is severely wounded.
You block the killer bee's attack.
The killer bee stings you but does no damage.
You puncture the killer bee!
You kill the killer bee!
You hit something. Something hits you.
* * * LOW HITPOINT WARNING * * *
You closely miss something. Something hits you but does no damage.
You miss something. Something hits you but does no damage.
Unknown command.
You puncture something!
Nothing appears to happen.
You recover from your berserk rage.
Something hits you.
* * * LOW HITPOINT WARNING * * *
You barely miss something.
You hear some strange, mumbled words.
A puff of flame appears from out of thin air!
The puff of flame hits you!
* * * LOW HITPOINT WARNING * * *
You miss something. Xom grants you a minor favour.
You feel better. Something hits you but does no damage.
You barely miss something. Something hits you but does no damage.
You closely miss something.
You hear some strange, mumbled words.
A puff of flame appears from out of thin air!
The puff of flame hits you.
* * * LOW HITPOINT WARNING * * *
You miss something.
You hear some strange, mumbled words.
A puff of flame appears from out of thin air!
The puff of flame hits you but does no damage.
You miss something.
The orc priest mumbles some strange prayers to Beogh against you.
Beogh smites you!
You die...

,,,,, ≈ , ,, #.##
.., , ,,* #..# ...
,, ,, #..#....,,, ,
* ## ##..#... ∆, ,
#. ........, , ,,*
#.###..##... , ,,*
#.@{oo>..... ,,, **
#####..############
#...............
##.....#y.######
#.....#..#
#.....#.y# **
#.....#.o.,,,,,
#.....#.y.o
#.....#....o, ≈


You could see an orc priest and an orc.

Vanquished Creatures
  Pikel (D:8)
  A fire bat (D:5)
  3 steam dragons (D:7)
  A water moccasin (D:7)
  2 ice beasts
  2 necrophages
  2 orc warriors
  A sky beast (D:5)
  3 centaurs
  A lemure (D:8)
  A bullfrog (D:8)
  4 scorpions
  A water moccasin skeleton (D:5)
  6 killer bees (D:8)
  2 wights (D:6)
  A bullfrog zombie (D:5)
  A centaur zombie (D:5)
  A centaur skeleton (D:5)
  2 hounds
  A bullfrog skeleton (D:7)
  6 orc priests
  2 iguanas (D:4)
  A killer bee zombie (D:5)
  4 gnolls (D:6)
  A howler monkey zombie (D:4)
  A howler monkey skeleton (D:7)
  7 adders
  A shadow imp (D:5)
  2 white imps (D:5)
  3 worms
  A dart slug (D:1)
  18 orcs
  3 bats
  6 endoplasms
  3 giant cockroaches
  5 goblins
  5 hobgoblins
  5 quokkas
  4 ball pythons
  4 kobolds
  3 rats (D:1)
122 creatures vanquished.

Vanquished Creatures (collateral kills)
  Menkaure (D:6)
  2 kobold brigands
  A wight (D:6)
  An orc priest (D:8)
  An adder (D:6)
  6 kobolds
12 creatures vanquished.

Vanquished Creatures (others)
  A lemure (D:8)
  An orc (D:7)
2 creatures vanquished.

Grand Total: 136 creatures vanquished

Notes
Turn   | Place    | Note
-------+----------+-------------------------------------------
     0 | D:1      | benchwormer the Ogre Chaos Knight began the quest for the
                  | Orb.
     0 | D:1      | Reached XP level 1. HP: 24/24 MP: 1/1
   133 | D:1      | Found a faded altar of an unknown god.
   213 | D:1      | Reached XP level 2. HP: 32/32 MP: 2/2
   312 | D:1      | XOM: summons 1 hostile demon
   313 | D:1      | Noticed a crimson imp
   492 | D:1      | Reached XP level 3. HP: 40/40 MP: 3/3
   750 | D:2      | Found an iron altar of Okawaru.
   750 | D:2      | XOM: 1-stop teleportation journey
  1022 | D:2      | XOM: god gift: phial of floods
  1405 | D:2      | XOM: scenery: summon butterflies
  1474 | D:2      | XOM: god gift: +1 trident of chaos
  1784 | D:3      | Found a blossoming altar of Fedhas.
  1811 | D:3      | XOM: god gift: jewelled fluorescent wand {god gift}
  1879 | D:3      | XOM: divination: detect items
  2005 | D:3      | XOM: cloud trail
  2074 | D:3      | XOM: divination: magic mapping
  2212 | D:3      | XOM: divination: detect creatures
  2278 | D:4      | Reached XP level 4. HP: 49/49 MP: 4/4
  2319 | D:4      | Reached skill level 5 in Fighting
  2356 | D:4      | XOM is BORED!
  2356 | D:4      | XOM: 1-stop teleportation journey
  2357 | D:4      | XOM: potion effect (berserk rage)
  2372 | D:4      | XOM: divination: detect items
  2377 | D:4      | Reached XP level 5. HP: 44/57 MP: 5/5
  2383 | D:4      | XOM: 1-stop teleportation journey
  2386 | D:4      | XOM: scenery: summon butterflies
  2392 | D:4      | Reached skill level 1 in Armour
  2652 | D:4      | Found a runed translucent gate.
  2652 | D:4      | Found a runed translucent gate.
  2655 | D:4      | Found a runed translucent gate.
  2659 | D:4      | Noticed louisi3's ghost (amateur OpWz)
  2705 | D:4      | Found a staircase to the Ecumenical Temple.
  2902 | D:4      | XOM: scenery: summon butterflies
  3070 | D:4      | XOM: give mutation
  3070 | D:4      | Gained mutation: You are strong-willed. (Will+) [Xom's
                  | grace]
  3260 | D:4      | XOM: god gift: 21 stones
  3277 | D:5      | Entered Level 5 of the Dungeon
  3336 | D:5      | Reached skill level 5 in Polearms
  3336 | D:5      | Reached XP level 6. HP: 40/66 MP: 6/6
  3674 | D:5      | XOM: 8-stop teleportation journey
  3773 | D:5      | XOM: give mutations
  3773 | D:5      | Gained mutation: You have hidden genetic potential. [Xom's
                  | grace]
  3773 | D:5      | Gained mutation: Your muscles are strong. (Str +2) [Xom's
                  | grace]
  3773 | D:5      | Gained mutation: Your muscles are very strong. (Str +4)
                  | [Xom's grace]
  4025 | D:5      | Noticed a fire bat
  4025 | D:5      | an ogre changed into a fire bat
  4025 | D:5      | XOM: polymorph ogre -> fire bat
  4028 | D:5      | XOM: summons friendly quasit
  4029 | D:5      | XOM: cast spell 'Cause Fear'
  4034 | D:5      | Killed a fire bat
  4035 | D:5      | Reached skill level 1 in Stealth
  4035 | D:5      | Reached XP level 7. HP: 66/74 MP: 7/7
  4037 | D:5      | Gained mutation: You possess an exceptional clarity of
                  | mind. [hidden potential]
  4985 | D:5      | Identified a scroll of acquirement
  4986 | D:5      | Acquired +1 storm dragon scales
  5027 | D:6      | XOM: divination: magic mapping
  5030 | D:6      | Noticed Menkaure
  5037 | D:6      | XOM: smoke on damage
  5044 | D:6      | Killed Menkaure
  5045 | D:6      | Reached skill level 1 in Shields
  5045 | D:6      | Reached XP level 8. HP: 10/83 MP: 8/8
  5047 | D:6      | Gained mutation: You have a pair of small antennae on your
                  | head. [hidden potential]
  5047 | D:6      | Lost mutation: You have hidden genetic potential. [hidden
                  | potential expressed]
  5635 | D:6      | Found a runed translucent door.
  5684 | D:6      | Found a shimmering altar of Xom.
  5708 | D:6      | XOM: polymorph centaur -> worm
  5858 | D:6      | XOM: scenery: 1 doors open
  5867 | D:6      | Found a broken altar of Ashenzari.
  5867 | D:6      | Found a hide-covered altar of Uskayaw.
  5929 | D:6      | XOM: potion effect (experience)
  5929 | D:6      | Reached skill level 5 in Armour
  5929 | D:6      | Reached XP level 9. HP: 96/100 MP: 9/9
  5930 | D:6      | XOM: enchant monster (good)
  5931 | D:6      | XOM: enchant monster (bad)
  5935 | D:6      | XOM: potion effect (invisibility)
  5977 | D:6      | Noticed Hubris850's ghost (novice MiFi)
  6004 | D:6      | XOM: enchant monster (bad)
  6247 | D:7      | XOM: confuse monster(s)
  6351 | D:7      | Found a snail-covered altar of Cheibriados.
  6422 | D:7      | XOM: confuse monster(s)
  6430 | D:7      | Reached XP level 10. HP: 109/109 MP: 10/10
  6440 | D:7      | Reached skill level 5 in Shields
  6618 | D:7      | XOM: 3-stop teleportation journey
  7051 | D:7      | XOM: scenery: create altars
  7231 | D:7      | XOM: god gift: 25 stones
  7270 | D:7      | XOM: give mutations
  7270 | D:7      | Gained mutation: You are dopey. (Int -2) [Xom's mischief]
  7270 | D:7      | Lost mutation: You are dopey. (Int -2) [Xom's mischief]
  7270 | D:7      | Lost mutation: Your muscles are very strong. (Str +4)
                  | [Xom's mischief]
  7414 | D:7      | XOM: god gift: scroll of amnesia
  7836 | D:8      | Noticed Pikel
  7839 | D:8      | XOM: divination: magic mapping
  7859 | D:8      | Killed Pikel
  7860 | D:8      | Reached skill level 10 in Fighting
  7860 | D:8      | Reached skill level 10 in Polearms
  7934 | D:8      | XOM: divination: detect items
  7959 | D:8      | XOM: confuse monster(s)
  7984 | D:8      | HP: 2/110 [something/puff of flame (7)]
  7985 | D:8      | XOM: potion effect (curing)
  7989 | D:8      | Killed from afar by an orc priest

Illustrated notes

Levels and vault maps discovered:
D:1:      co_arrival_random_square_maze, layout_rooms,
          chequers_ecumenical_altar_island, hangedman_decor_diamond_cutter
D:2:      layout_basic, basic_altar
D:3:      layout_loops_ring, fedhas_altar_fruit_tree, serial_park_tiny_pond
D:4:      layout_loops_ring, minmay_temple_entry_proselytizer,
          ebering_ghost_rock_garden, amcnicky_mini_pool_small
D:5:      layout_gridville
D:6:      layout_gridville, xom_teletrap_fun,
          gammafunk_temple_overflow_elements, ebering_ghost_reflecting_pool,
          uniq_menkaure
D:7:      cheibrodos_steamvent, layout_layer_cave, slow_altar_2
D:8:      layout_basic, grunt_gozag_statues, amethyst_overflow_temple_binary,
          lemuel_round_altar, uniq_pikel

Skill      XL: |  1  2  3  4  5  6  7  8  9 10 |
---------------+-------------------------------+-----
Fighting       | 5 6 9 10 | 10.1
Polearms       | 4 5 6 9 10 | 10.0
Armour         | 1 2 5 |  5.6
Dodging        | 3 4 6 |  6.6
Stealth        | 1 |  1.9
Shields        | 1 4 5 |  5.3
Unarmed Combat | 2 |  2.9

Action                   |  1- 3 |  4- 6 |  7- 9 | 10-12 || total
-------------------------+-------+-------+-------+-------++-------
Melee: Spear             |    82 |       |       |       ||    82
       Trident           |    22 |   131 |   147 |   149 ||   449
Evoke: Wand              |       |     1 |       |       ||     1
  Use: Scroll            |     4 |     2 |     4 |     1 ||    11
       Potion            |     2 |     2 |     3 |     3 ||    10
 Stab: Sleeping          |     2 |     2 |       |       ||     4
       Invisible         |       |       |     2 |       ||     2
       Paralysed         |       |       |     2 |       ||     2
       Petrifying        |       |       |     1 |       ||     1
Armor: Robe              |    32 |    60 |    10 |       ||   102
       Storm dragon scal |       |       |    50 |    85 ||   135
Dodge: Dodged            |    26 |    49 |    35 |    37 ||   147
Block: Kite shield       |       |       |    41 |    62 ||   103

Table legend: (Time is in decaauts)
 A = Elapsed time spent in this place.
 B = Non-inter-level travel time spent in this place.
 C = Inter-level travel time spent in this place.
 D = Time resting spent in this place.
 E = Time spent auto-exploring this place.
 F = Levels seen in this place.
 G = Mean time per level.
                   A        B        C        D        E       F      G
               +--------+--------+--------+--------+--------+-----+--------+
         Total |   8009 |   7865 |    144 |    948 |   5603 |   8 | 1001.1 |
       Dungeon |   8009 |   7865 |    144 |    948 |   5603 |   8 | 1001.1 |
               +--------+--------+--------+--------+--------+-----+--------+

Top non-repeatable levels by time:
     D:7: 1818 daAuts
     D:5: 1760 daAuts
     D:4: 1026 daAuts
     D:2: 959 daAuts
     D:6: 921 daAuts
     D:3: 705 daAuts
     D:1: 596 daAuts
     D:8: 222 daAuts
